 Dungeon Crawl Stone Soup version 0.23-a0-143-g1adec7b (webtiles) character file.

176318 mopl the Severer (level 18, -5/143 HPs)
             Began as a Formicid Monk on Sept 3, 2018.
             Was the Champion of Qazlal.
             Slain by an earth elemental (23 damage)
             ... summoned by a deep elf elementalist
             ... on level 3 of the Elven Halls.
             The game lasted 00:59:58 (31618 turns).

mopl the Severer (Formicid Monk)                   Turns: 31618, Time: 00:59:59

Health: -5/143     AC: 27    Str: 28    XL:     18   Next: 79%
Magic:  16/30      EV: 14    Int: 10    God:    Qazlal [******]
Gold:   2421       SH: 27    Dex: 17    Spells: 17/17 levels left

rFire    . . .     SeeInvis +   a - +7 executioner's axe of Yesterday {distort, MR++}
rCold    + . .     Gourm    .   g - +0 large shield
rNeg     . . .     Faith    .   Z - +3 scale mail {rC+}
rPois    +         Spirit   .   (helmet unavailable)
rElec    +         Reflect  .   S - +2 cloak {rPois}
rCorr    .         Harm     .   i - +2 pair of gloves {Dex+3}
MR       +++..                  W - +0 pair of boots {Fly}
Stlth    +.........             (no amulet)
HPRegen  0.33/turn              k - +4 ring of protection (curse)
MPRegen  0.22/turn              m - +3 ring of protection

@: mighty, protected from electricity, flying, very slightly contaminated,
drained, repel missiles
A: permanent stasis, dig shafts and tunnels, four strong arms, antennae 3
a: Dig, Shaft Self, Upheaval, Elemental Force, Disaster Area, Renounce Religion,
Stop Flying


You were on level 3 of the Elven Halls.
You worshipped Qazlal.
Qazlal was exalted by your worship.
You were not hungry.

You visited 5 branches of the dungeon, and saw 27 of its levels.
You visited the Abyss 1 time.
You also visited: Labyrinth.

You collected 3245 gold pieces.
You spent 824 gold pieces at shops.

Inventory:

Hand Weapons
 a - the +7 executioner's axe of Yesterday (weapon) {distort, MR++}
   (You acquired it on level 14 of the Dungeon)

   It warps and distorts space around it.
   Unwielding it can cause banishment or high damage.
   It affects your resistance to hostile enchantments.
 A - a +2 battleaxe of flaming
 E - a +1 executioner's axe of draining
Missiles
 e - 278 arrows
 l - 9 poisoned needles
 u - 2 throwing nets
 w - 37 tomahawks (quivered)
 F - 17 bolts
 I - 8 javelins
Armour
 g - a +0 large shield (worn)
 i - a +2 pair of gloves of dexterity (worn)
 S - a +2 cloak of poison resistance (worn)
 W - a +0 pair of boots of flying (worn)
 Z - a +3 scale mail of cold resistance (worn)
Jewellery
 k - a cursed +4 ring of protection (left hand)
 m - a +3 ring of protection (right hand)
 J - an uncursed ring of resist corrosion
 P - an uncursed ring of protection from fire
 Q - an uncursed ring of poison resistance
Wands
 f - a wand of flame (109)
 q - a wand of random effects (72)
 v - a wand of clouds (4)
 y - a wand of acid (10)
 B - a wand of digging (56)
 U - a wand of polymorph (19)
Scrolls
 b - a scroll of vulnerability
 d - 9 scrolls of remove curse
 n - 5 scrolls of magic mapping
 o - 4 scrolls of fear
 p - 4 scrolls of enchant weapon {unknown}
 r - 2 scrolls of fog
 s - 4 scrolls of random uselessness {unknown}
 G - 4 scrolls of enchant armour {unknown}
 M - a scroll of silence {!r}
 N - a scroll of summoning
Potions
 j - a potion of invisibility
 t - 3 potions of resistance
 x - 2 potions of ambrosia
 z - 9 potions of curing
 D - a potion of might
 H - 4 potions of heal wounds
 R - 3 potions of cancellation
 V - 3 potions of lignification {!q}
 X - 5 potions of agility
Miscellaneous
 h - a lightning rod (4/4)
 C - a phial of floods
Comestibles
 c - 34 rations


   Skills:
 + Level 13.2(12.3) Fighting
 * Level 18.2(17.2) Axes
 + Level 12.8(12.0) Armour
 + Level 8.9(8.1) Dodging
 - Level 2.4(1.7) Stealth
 + Level 11.4(10.6) Shields
 * Level 17.7(16.8) Invocations


You had 17 spell levels left.
You didn't know any spells.
Your spell library contained the following spells:

 Spells                   Type           Power        Failure   Level  Hunger
 Animate Skeleton         Necr           N/A          87%         1    ##.....
 Confusing Touch          Hex            #.....       87%         1    ##.....
 Flame Tongue             Conj/Fire      #....        87%         1    ##.....
 Magic Dart               Conj           #...         87%         1    ##.....
 Pain                     Necr           #...         87%         1    ##.....
 Summon Small Mammal      Summ           #...         87%         1    ##.....
 Call Imp                 Summ           #.......     95%         2    ###....
 Corpse Rot               Necr           N/A          95%         2    ###....
 Ensorcelled Hibernation  Hex/Ice        #.....       95%         2    ###....
 Searing Ray              Conj           #.....       95%         2    ###....
 Sticks to Snakes         Tmut           #.......     95%         2    ###....
 Throw Flame              Conj/Fire      #.....       95%         2    ###....
 Call Canine Familiar     Summ           #.......     99%         3    ####...
 Confuse                  Hex            #.......     99%         3    ####...
 Conjure Flame            Conj/Fire      #.......     99%         3    ####...
 Dazzling Spray           Conj/Hex       #.....       99%         3    ####...
 Gell's Gravitas          Tloc           #.........   99%         3    ####...
 Inner Flame              Hex/Fire       #.......     99%         3    ####...
 Mephitic Cloud           Conj/Pois/Air  #.......     99%         3    ####...
 Regeneration             Chrm/Necr      #.........   99%         3    ####...
 Spider Form              Tmut/Pois      #.........   99%         3    ####...
 Stone Arrow              Conj/Erth      #.....       99%         3    ####...
 Summon Guardian Golem    Hex/Summ       #.......     99%         3    ####...
 Vampiric Draining        Necr           #.........   99%         3    ####...
 Animate Dead             Necr           N/A          100%        4    #####..
 Force Lance              Conj/Tloc      #.......     100%        4    #####..
 Fulminant Prism          Conj/Hex       #.........   100%        4    #####..
 Iskenderun's Mystic Bla  Conj           #.......     100%        4    #####..
 Leda's Liquefaction      Hex/Erth       #.........   100%        4    #####..
 Petrify                  Tmut/Erth      #.......     100%        4    #####..
 Sticky Flame             Conj/Fire      #.......     100%        4    #####..
 Summon Ice Beast         Ice/Summ       #.......     100%        4    #####..
 Summon Lightning Spire   Summ/Air       #.......     100%        4    #####..
 Bolt of Magma            Conj/Fire/Erth #.........   100%        5    ######.
 Borgnjor's Vile Clutch   Necr/Erth      #.........   100%        5    ######.
 Fireball                 Conj/Fire      #.........   100%        5    ######.
 Irradiate                Conj/Tmut      #.........   100%        5    ######.
 Metabolic Englaciation   Hex/Ice        #.........   100%        5    ######.
 Silence                  Hex/Air        #.........   100%        5    ######.
 Summon Forest            Summ/Tloc      #.........   100%        5    ######.
 Yara's Violent Unravell  Hex/Tmut       #.........   100%        5    ######.
 Darkness                 Hex            #.........   100%        6    #######
 Deflect Missiles         Chrm/Air       #.........   100%        6    #######
 Hydra Form               Tmut           #.........   100%        6    #######
 Iron Shot                Conj/Erth      #.........   100%        6    #######
 Shadow Creatures         Summ           N/A          100%        6    #######
 Statue Form              Tmut/Erth      #........    100%        6    #######
 Dragon Form              Tmut           #.........   100%        7    #######
 Summon Hydra             Summ           #.........   100%        7    #######
 Shatter                  Erth           #.........   100%        9    #######


Dungeon Overview and Level Annotations

Branches:
Dungeon (15/15)            Temple (1/1) D:6            Lair (6/6) D:9
  Swamp (0/4) Lair:4        Snake (0/4) Lair:2        Slime (0/5) Lair:5
    Orc (2/2) D:12            Elf (3/3) Orc:2        Vaults (0/5) D:14
 Depths (0/5) D:15

Altars:
Ashenzari
Cheibriados
Dithmenos
Elyvilon
Fedhas
Gozag
Hepliaklqana
Kikubaaqudgha
Makhleb
Okawaru
Qazlal
Ru
Sif Muna
Trog
Vehumet
Xom
Yredelemnul
Zin
The Shining One
Beogh

Shops:
D:8 [   D:10 [   Orc:1 !   Orc:2 [[*[*   Elf:3 %


Innate Abilities, Weirdness & Mutations

You cannot be hasted, slowed, berserked, paralysed or teleported.
You can dig through walls and to a lower floor.
Your four strong arms can wield two-handed weapons with a shield.
You have a pair of large antennae on your head. (SInv)


Message History

Nature churns violently around you!
The blast of rubble hits the earth elemental.
You destroy the earth elemental!
You hear a shout! x2
You block the deep elf elementalist's attack.
The deep elf elementalist casts a spell at the earth elemental.
Some walls begin to move on their own!
The deep elf annihilator casts a spell at you.
The bolt of lightning hits the earth elemental.
The earth elemental completely resists.
The bolt of lightning hits you!
You feel protected from electricity.
* * * LOW HITPOINT WARNING * * *
The bolt of lightning hits the earth elemental.
The earth elemental completely resists.
The bolt of lightning hits the earth elemental.
The earth elemental completely resists.
The bolt of lightning misses you.
The bolt of lightning hits the earth elemental.
The earth elemental completely resists.
You block the earth elemental's attack. The earth elemental hits you!!
You die...

{ { #{#
#{#
#####{#
#EEE#{#
#EE#e#
#E@Ee#
#e.Ee#
##.#.#
##..#
##.#
#.# #.#
#.# #.#


You could see a deep elf annihilator, 3 deep elf elementalists and 8 earth
elementals.

Vanquished Creatures
  A deep elf master archer (Elf:3)
  Asterion (Elf:2)
  2 deep elf blademasters
  2 tentacled starspawn (Abyss:3)
  A sphinx (D:12)
  A revenant (Elf:2)
  Kirke (D:12)
  A tengu reaver (D:12)
  Roxanne (D:15)
  An angel (Abyss:3)
  Louise (D:14)
  A deep elf demonologist (Elf:1)
  A minotaur (Lab)
  3 deep elf annihilators (Elf:3)
  A deep elf death mage (Elf:3)
  2 deep elf high priests
  A green death (Abyss:3)
  4 ogre magi
  Fannar (D:11)
  5 hydras
  2 centaur warriors
  The ghost of iamserjio the Nimble, a journeyman OpSu of Cheibriados (D:11)
  A two-headed ogre (shapeshifter) (D:14)
  17 two-headed ogres
  A tengu warrior (D:15)
  25 dancing weapons
  5 death yaks (Lair:6)
  An orc high priest (Orc:2)
  14 deep elf knights
  4 unseen horrors
  A sea snake (shapeshifter) (D:14)
  2 deep trolls (Orc:2)
  7 deep elf archers
  2 orc knights
  4 ugly things
  A wizard (D:14)
  40 deep elf magi
  4 orc sorcerers
  2 wolf spiders (Lair:6)
  2 manticores
  6 cyclopes
  Maurice (D:11)
  2 guardian serpents
  A salamander (shapeshifter) (D:14)
  2 centaur zombies (D:15)
  24 elephants
  10 black mambas
  An apocalypse crab (Abyss:3)
  A torpor snail (Lair:4)
  3 smoke demons (Abyss:3)
  A molten gargoyle (D:14)
  11 spiny frogs
  2 yaktaurs
  3 rime drakes
  9 komodo dragons
  A freezing wraith (D:14)
  An ancient zyme (Abyss:3)
  A harpy zombie (D:15)
  18 trolls
  3 meliai (D:14)
  3 hornets
  A polar bear (D:11)
  6 large abominations (Abyss:3)
  4 blink frogs (Lair:1)
  Grinder (D:3)
  9 slime creatures
  3 hippogriffs
  A stone giant simulacrum (Abyss:3)
  4 redbacks (Lair:6)
  3 spriggans (D:11)
  Sigmund (D:5)
  3 wraiths
  A human (D:7)
  37 yaks
  12 wyverns
  A hog (D:7)
  A fire elemental (Elf:1)
  4 water elementals
  4 basilisks
  A neqoxec (Abyss:3)
  5 hungry ghosts
  12 vampire mosquitoes
  5 wargs
  2 acid dragons (D:15)
  Edmund (D:6)
  2 nagas (Abyss:3)
  23 water moccasins
  2 porcupines (Lair:2)
  9 ice beasts
  21 orc warriors
  6 sky beasts
  34 ogres
  4 eyes of draining
  8 wolves
  15 centaurs
  2 necrophages
  2 phantoms
  A big kobold (D:8)
  10 crocodiles
  3 earth elementals
  13 bullfrogs
  2 small abominations (Abyss:3)
  A wyvern zombie (D:9)
  4 scorpions
  11 killer bees
  2 troll zombies (D:12)
  23 wights
  3 howler monkeys
  4 electric eels
  6 crimson imps
  2 bullfrog zombies
  The ghost of vogonpoet the Grasshopper, a weakling SpWr of Ashenzari (D:3)
  2 quasits
  6 centaur skeletons
  17 orc wizards
  6 hounds
  19 orc priests
  6 jellies
  Crazy Yiuf (D:4)
  3 bullfrog skeletons
  2 iguanas
  6 worker ants
  4 ogre zombies (D:12)
  A worker ant zombie (D:6)
  11 gnolls
  14 adders
  2 shadow imps
  6 white imps (Abyss:3)
  2 ufetubi (Abyss:3)
  3 oozes
  An adder zombie (D:6)
  3 adder skeletons
  4 worms
  3 dart slugs
  7 leopard geckos
  83 orcs
  2 ball pythons
  12 giant cockroaches
  12 goblins
  5 hobgoblins
  16 jackals
  7 quokkas
  8 bats
  7 frilled lizards
  2 goblin zombies (D:12)
  3 hobgoblin skeletons (D:12)
  A hobgoblin zombie (D:12)
  A jackal skeleton (D:4)
  A jackal zombie (D:6)
  7 kobolds
  A leopard gecko zombie (D:5)
  13 orc zombies (D:12)
  6 rats
  A fungus (Lair:6)
  5 plants
930 creatures vanquished.

Vanquished Creatures (others)
  A deep elf elementalist (Elf:3)
  A deep elf death mage (Elf:3)
  A deep elf high priest (Elf:1)
  A dancing weapon (Elf:2)
  A two-headed ogre (D:15)
  A deep elf knight (Elf:2)
  2 deep elf magi (Elf:1)
  A cyclops (D:15)
  A raiju (Abyss:3)
  A water elemental (Elf:1)
  An iguana (D:11)
  An orc (Elf:1)
  10 fungi
  19 plants
  A starspawn tentacle (Abyss:3)
43 creatures vanquished.

Grand Total: 973 creatures vanquished

Notes
Turn   | Place    | Note
-------+----------+-------------------------------------------
     0 | D:1      | mopl the Formicid Monk began the quest for the Orb.
     0 | D:1      | Reached XP level 1. HP: 18/18 MP: 1/1
   124 | D:1      | Reached XP level 2. HP: 20/24 MP: 2/2
   556 | D:1      | Reached skill level 4 in Axes
   556 | D:1      | Reached XP level 3. HP: 27/29 MP: 3/3
  1321 | D:2      | Reached XP level 4. HP: 35/35 MP: 4/4
  1357 | D:2      | Reached skill level 5 in Axes
  1581 | D:3      | Noticed a necrophage
  1598 | D:3      | Killed a necrophage
  1598 | D:3      | Reached skill level 6 in Axes
  1598 | D:3      | Reached XP level 5. HP: 35/40 MP: 5/5
  1671 | D:3      | Reached XP level 6. HP: 45/46 MP: 6/6
  1787 | D:3      | Noticed Grinder
  1796 | D:3      | Killed Grinder
  1796 | D:3      | Reached skill level 7 in Axes
  1796 | D:3      | Reached XP level 7. HP: 45/51 MP: 7/7
  2140 | D:3      | Found a runed door.
  2140 | D:3      | Noticed vogonpoet's ghost (weakling SpWr)
  2226 | D:3      | Killed vogonpoet's ghost
  2489 | D:4      | Reached skill level 8 in Axes
  3004 | D:4      | Reached XP level 8. HP: 44/57 MP: 8/8
  3093 | D:4      | Reached skill level 9 in Axes
  3101 | D:4      | Found a glowing silver altar of Zin.
  3378 | D:4      | Found a runed door.
  3547 | D:4      | Noticed Crazy Yiuf
  3558 | D:4      | Killed Crazy Yiuf
  3626 | D:5      | Entered Level 5 of the Dungeon
  3905 | D:5      | Noticed Sigmund
  3919 | D:5      | Killed Sigmund
  3919 | D:5      | Reached skill level 10 in Axes
  4531 | D:6      | Reached skill level 1 in Armour
  4702 | D:6      | Reached XP level 9. HP: 54/64 MP: 9/9
  4714 | D:6      | Reached skill level 4 in Fighting
  4714 | D:6      | Reached skill level 2 in Armour
  4727 | D:6      | Noticed Edmund
  4746 | D:6      | Killed Edmund
  4912 | D:6      | Reached skill level 3 in Armour
  5072 | D:6      | Reached skill level 11 in Axes
  5271 | D:5      | Reached skill level 5 in Fighting
  5500 | D:6      | Found a transporter.
  5520 | D:6      | Found a transporter.
  5784 | D:6      | Reached skill level 4 in Armour
  5787 | D:6      | Found a blossoming altar of Fedhas.
  5823 | D:6      | Found a staircase to the Ecumenical Temple.
  5837 | Temple   | Entered the Ecumenical Temple
  5866 | Temple   | Became a worshipper of Qazlal Stormbringer
  5866 | Temple   | Reached * piety under Qazlal
  5866 | Temple   | Reached ** piety under Qazlal
  6209 | D:7      | Reached skill level 1 in Invocations
  6503 | D:7      | Reached skill level 2 in Invocations
  6533 | D:7      | Reached XP level 10. HP: 59/74 MP: 6/11
  6564 | D:7      | Reached skill level 1 in Shields
  6987 | D:7      | Reached skill level 3 in Invocations
  6992 | D:7      | Reached skill level 6 in Fighting
  6992 | D:7      | Reached skill level 2 in Shields
  7018 | D:7      | Reached skill level 4 in Invocations
  7119 | D:7      | Reached skill level 5 in Armour
  7789 | D:8      | Reached skill level 12 in Axes
  7909 | D:8      | Reached skill level 3 in Shields
  7998 | D:8      | Reached skill level 5 in Invocations
  8372 | D:8      | Found Jigryil's Armour Shop.
  8384 | D:8      | Bought a +0 pair of boots of flying for 149 gold pieces
  8891 | D:9      | Reached *** piety under Qazlal
  9008 | D:8      | Reached XP level 11. HP: 42/82 MP: 15/15
  9206 | D:9      | Reached skill level 6 in Invocations
  9207 | D:9      | Reached skill level 4 in Shields
  9594 | D:9      | Reached skill level 6 in Armour
  9612 | D:9      | Reached skill level 7 in Fighting
  9897 | D:9      | Reached skill level 7 in Invocations
 10274 | D:9      | Found a staircase to the Lair.
 10420 | D:10     | Entered Level 10 of the Dungeon
 10916 | D:10     | Reached skill level 5 in Shields
 10941 | D:10     | Found Tualaaha's Antique Armour Boutique.
 11182 | D:10     | Bought a runed cloak for 195 gold pieces
 11381 | D:11     | Noticed Maurice
 11394 | D:11     | Killed Maurice
 11554 | D:11     | Noticed iamserjio's ghost (journeyman OpSu)
 11556 | D:11     | Found a runed door.
 11567 | D:11     | Noticed a four-headed hydra
 11591 | D:11     | Killed a four-headed hydra
 11591 | D:11     | Reached skill level 8 in Invocations
 11620 | D:11     | Noticed a white ugly thing
 11630 | D:11     | Noticed an unseen horror
 11634 | D:11     | Noticed a green ugly thing
 11649 | D:10     | Killed a white ugly thing
 11649 | D:10     | Reached skill level 13 in Axes
 11935 | D:11     | Noticed Fannar
 11938 | D:11     | Noticed a manticore
 11945 | D:11     | Reached XP level 12. HP: 37/91 MP: 18/18
 11951 | D:11     | Killed Fannar
 11951 | D:11     | Reached **** piety under Qazlal
 11951 | D:11     | Reached skill level 7 in Armour
 11951 | D:11     | Reached skill level 6 in Shields
 11995 | D:11     | Noticed a two-headed ogre
 12292 | D:11     | Killed a two-headed ogre
 12292 | D:11     | Reached skill level 8 in Fighting
 12292 | D:11     | Reached skill level 9 in Invocations
 12615 | D:11     | Noticed a two-headed ogre
 12630 | D:11     | Killed a two-headed ogre
 13116 | D:11     | Killed an unseen horror
 13389 | D:11     | Found an opulent altar of Gozag.
 13457 | D:11     | You are sucked into a shaft!
 13519 | D:12     | Noticed a sphinx
 13527 | D:12     | Killed a sphinx
 13527 | D:12     | Reached skill level 7 in Shields
 13527 | D:12     | Reached skill level 10 in Invocations
 13868 | D:11     | Killed iamserjio's ghost
 13912 | D:11     | Got a bone spear {pierce}
 13913 | D:11     | Identified the +10 spear "Zushruepn" {pierce, Int+4} (You
                  | took it off a spriggan on level 11 of the Dungeon)
 14068 | D:12     | Reached skill level 8 in Armour
 14087 | D:12     | Reached ***** piety under Qazlal
 14097 | D:12     | Reached XP level 13. HP: 84/98 MP: 20/20
 14212 | D:12     | Noticed a tengu reaver
 14238 | D:12     | HP: 4/99 [tengu reaver/bolt of lightning (9)]
 14758 | D:12     | Killed a tengu reaver
 14758 | D:12     | Reached skill level 14 in Axes
 15040 | D:12     | Reached skill level 9 in Fighting
 15286 | D:12     | Found a radiant altar of Vehumet.
 15291 | D:12     | Found a shattered altar of Ashenzari.
 15306 | D:12     | Reached skill level 11 in Invocations
 15582 | D:12     | Noticed Kirke
 15592 | D:12     | Killed Kirke
 15592 | D:12     | Reached skill level 8 in Shields
 15788 | D:12     | Found a staircase to the Orcish Mines.
 16050 | Orc:1    | Entered Level 1 of the Orcish Mines
 16645 | Orc:1    | Found Jeymueni's Distillery.
 16680 | Orc:1    | Noticed an ogre mage
 16692 | Orc:1    | Killed an ogre mage
 16700 | Orc:1    | Bought a potion of degeneration for 13 gold pieces
 16700 | Orc:1    | Bought a potion of might for 52 gold pieces
 16742 | Orc:1    | Reached skill level 9 in Armour
 16742 | Orc:1    | Reached skill level 3 in Dodging
 16756 | Orc:1    | Bought a potion of curing for 39 gold pieces
 16756 | Orc:1    | Bought a potion of curing for 39 gold pieces
 16756 | Orc:1    | Bought a potion of curing for 39 gold pieces
 16756 | Orc:1    | Bought a potion of agility for 52 gold pieces
 16756 | Orc:1    | Bought a potion of invisibility for 104 gold pieces
 17146 | Orc:1    | Found a roughly hewn altar of Beogh.
 17350 | Orc:2    | Entered Level 2 of the Orcish Mines
 17357 | Orc:2    | Reached skill level 12 in Invocations
 17380 | Orc:2    | Reached XP level 14. HP: 94/108 MP: 23/23
 17501 | Orc:1    | Reached skill level 9 in Shields
 17511 | Orc:1    | Reached skill level 10 in Fighting
 17819 | Orc:2    | Reached skill level 15 in Axes
 17827 | Orc:2    | Reached skill level 4 in Dodging
 17832 | Orc:2    | Found a staircase to the Elven Halls.
 18110 | Orc:2    | Reached ****** piety under Qazlal
 18130 | Orc:2    | Reached skill level 13 in Invocations
 18388 | Lair:1   | Entered Level 1 of the Lair of Beasts
 18661 | Orc:2    | Found a bloodstained altar of Trog.
 18667 | Orc:2    | Found Vuteomi's Antique Armour Emporium.
 18671 | Orc:2    | Found Onisch's Assorted Antiques.
 18672 | Orc:2    | Found Zefal's Assorted Antiques.
 18673 | Orc:2    | Found Qomih's Antique Armour Shoppe.
 18675 | Orc:2    | Bought an amethyst potion for 27 gold pieces
 18675 | Orc:2    | Bought a scroll of identify for 60 gold pieces
 18675 | Orc:2    | Bought an amethyst potion for 27 gold pieces
 18680 | Orc:2    | Bought a scroll labeled IFAOKI VESHENE for 28 gold pieces
 18751 | Orc:2    | Found Elaprif's Armour Boutique.
 19682 | Lair:2   | Reached skill level 10 in Armour
 19935 | Lair:2   | Found a staircase to the Snake Pit.
 20724 | Lair:3   | Reached XP level 15. HP: 108/116 MP: 25/25
 20724 | Lair:3   | Reached skill level 5 in Dodging
 21537 | Lair:4   | Identified Sif Muna's Tome of Mutagenic Flight
 21574 | Lair:4   | Found a runed door.
 21635 | Lair:4   | Reached skill level 14 in Invocations
 21801 | Lair:4   | Found a staircase to the Swamp.
 22302 | Lair:5   | Reached skill level 11 in Fighting
 22324 | Lair:5   | Found a staircase to the Slime Pits.
 22374 | Lair:5   | Reached skill level 16 in Axes
 22471 | Lair:5   | Found a labyrinth entrance.
 22478 | Lab      | Entered a labyrinth
 23683 | Lair:6   | Entered Level 6 of the Lair of Beasts
 23761 | Lair:6   | Reached skill level 6 in Dodging
 24181 | Lair:6   | Reached XP level 16. HP: 123/125 MP: 27/27
 24204 | Lair:6   | Reached skill level 11 in Armour
 24821 | D:13     | Reached skill level 15 in Invocations
 25521 | D:14     | Noticed Louise
 25536 | D:14     | Killed Louise
 26130 | D:14     | Identified 2 scrolls of acquirement
 26388 | D:14     | Found a gate to the Vaults.
 26531 | D:14     | Got an ancient executioner's axe
 26532 | D:14     | Identified the +7 executioner's axe of Yesterday {distort,
                  | MR++} (You acquired it on level 14 of the Dungeon)
 26553 | D:15     | Entered Level 15 of the Dungeon
 26553 | D:15     | Noticed Roxanne
 26565 | D:15     | Killed Roxanne
 26597 | D:15     | Reached skill level 7 in Dodging
 26796 | D:15     | Reached skill level 12 in Fighting
 27173 | D:15     | Found a shimmering altar of Xom.
 27248 | D:15     | Noticed a frost giant
 27261 | D:15     | Reached skill level 17 in Axes
 27281 | D:15     | Found a staircase to the Depths.
 27725 | Elf:1    | Entered Level 1 of the Elven Halls
 27783 | Elf:1    | Reached skill level 16 in Invocations
 27783 | Elf:1    | Reached XP level 17. HP: 66/132 MP: 27/29
 28339 | Elf:1    | Reached skill level 10 in Shields
 29412 | Elf:2    | Reached skill level 12 in Armour
 29841 | Elf:2    | Reached skill level 8 in Dodging
 29938 | Elf:2    | Found a runed gate.
 29938 | Elf:2    | Found a runed gate.
 29938 | Elf:2    | Found a runed gate.
 30149 | Elf:2    | Noticed a deep elf blademaster
 30169 | Elf:2    | Noticed Asterion
 30179 | Elf:2    | Killed Asterion
 30179 | Elf:2    | Reached skill level 17 in Invocations
 30186 | Elf:2    | Reached XP level 18. HP: 41/141 MP: 18/30
 30193 | Elf:2    | Killed a deep elf blademaster
 30221 | Elf:2    | Cast into level 3 of the Abyss (lajatang of distortion)
 30495 | Abyss:3  | Noticed a bone dragon
 30575 | Abyss:3  | Noticed a lich
 30595 | Abyss:3  | Reached skill level 11 in Shields
 30607 | Elf:2    | Escaped the Abyss
 30632 | Elf:2    | Reached skill level 13 in Fighting
 30636 | Elf:2    | Reached skill level 18 in Axes
 31244 | Elf:3    | Entered Level 3 of the Elven Halls
 31259 | Elf:3    | Found Pem Somp's Food Boutique.
 31515 | Elf:3    | Noticed a deep elf blademaster
 31520 | Elf:3    | Noticed a deep elf blademaster
 31560 | Elf:3    | Noticed a deep elf master archer
 31577 | Elf:3    | Killed a deep elf blademaster
 31592 | Elf:3    | Noticed a deep elf master archer
 31598 | Elf:3    | Killed a deep elf master archer
 31618 | Elf:3    | Slain by an earth elemental

Vault maps used:
D:1:      kennysheep_arrival_forest, grunt_decor_cap, minmay_quantized
D:2:      kennysheep_generic_room_12
D:3:      ebering_ghost_reflecting_pool, uniq_grinder
D:4:      kennysheep_big_flooded_room, kennysheep_mini_moat, first_ration,
          hangedman_decor_clover_reticule, uniq_crazy_yiuf_cottage
D:5:      uniq_sigmund
D:6:      gammafunk_steamed_eel, minmay_temple_entry_butterflies, st_stairs_11,
          minmay_misc_feat_pillars, fedhas_altar_3, uniq_edmund
D:7:      grunt_livestock
D:8:      serial_shops, shop_coins, minmay_fountain_box
D:9:      david_lair_shrubbed
D:10:     serial_shops, shop
D:11:     ebering_ghost_funeral_grove, grunt_gozag_statues, uniq_maurice,
          uniq_fannar
D:12:     zombieorc1_lemuel, jmf_multi_god_temple, uniq_kirke
D:14:     david_vaults_4, nicolae_lava_and_water, kennysheep_boxes, uniq_louise
D:15:     grunt_enter_depths_snipers, minivault_19, tgw_xom, uniq_roxanne
Temple:   regret_index_temple_sigil_plot
Lair:2:   minmay_snake_entry_six_corridors, grunt_megastairs_2
Lair:4:   minmay_swamp_entry_swarm, hangedman_lair_unloving_vines,
          pf_torpor_hydra
Lair:5:   beast_lair_carwin_large_4, nicolae_slime_entry_slimehenge,
          lab_entry_generic, fungi_pond_lemuel
Lair:6:   hangedman_lair_tendril_chambers
Orc:1:    basic_altar, guppyfry_orc_lava_fort
Orc:2:    st_orc_open, serial_shops, shop, bloody_trog
Elf:1:    eino_elf_arrival_shootout, orc_legates
Elf:2:    nicolae_elf_glass_and_crystal_pillar_1, uniq_asterion
Elf:3:    elf_hall, serial_shops, shop_coins
Abyss:3:  guppyfry_abyss_exit_imp_island

Skill      XL: |  1  2  3  4  5  6  7  8  9 10 11 12 13 14 15 16 17 18 |
---------------+-------------------------------------------------------+-----
Axes           | 4 6 7 8 10 11 12 13 14 15 16 17 18 | 18.2
Armour         | 1 4 5 6 8 9 10 11 12 | 12.8
Fighting       | 5 6 7 8 9 10 11 12 13 | 13.2
Invocations    | 2 5 8 10 12 13 14 16 17 | 17.7
Shields        | 3 5 7 8 9 10 11 | 11.4
Dodging        | 3 4 6 7 8 |  8.9
Stealth        | |  2.4

Action                   |  1- 3 |  4- 6 |  7- 9 | 10-12 | 13-15 | 16-18 || total
-------------------------+-------+-------+-------+-------+-------+-------++-------
Melee: Hand axe          |    30 |       |    49 |       |       |       ||    79
       Whip              |    77 |    66 |   115 |     4 |       |       ||   262
       Dagger            |       |       |   294 |       |       |       ||   294
       Quarterstaff      |       |       |     7 |       |       |       ||     7
       Battleaxe         |       |       |    10 |   583 |   815 |   217 ||  1625
       Spear             |       |       |       |       |    24 |    11 ||    35
       Executioner's axe |       |       |       |       |       |   773 ||   773
 Fire: Shortbow          |       |       |    17 |       |       |       ||    17
Throw: Tomahawk          |       |       |     5 |     4 |       |     1 ||    10
Invok: Upheaval          |       |       |     1 |     2 |     8 |     4 ||    15
       Disaster Area     |       |       |       |       |       |     4 ||     4
 Abil: Dig               |       |       |     3 |     3 |     2 |    10 ||    18
Evoke: Wand              |       |       |     6 |    15 |       |       ||    21
  Use: Scroll            |       |     2 |     8 |     5 |     3 |    12 ||    30
       Potion            |       |       |       |     1 |       |     7 ||     8
 Stab: Invisible         |       |       |       |    19 |       |     3 ||    22
       Distracted        |       |       |       |       |       |     3 ||     3
  Eat: Chunk             |     1 |     2 |    15 |    26 |    32 |    18 ||    94
       Ration            |       |       |       |     1 |     1 |     3 ||     5
Armor: Scale mail        |    58 |    21 |   196 |       |   205 |   208 ||   688
       Ring mail         |       |       |    21 |   265 |    30 |       ||   316
Dodge: Dodged            |    72 |    28 |   220 |   386 |   260 |   199 ||  1165
       Deflected         |       |       |       |       |    12 |    19 ||    31
Block: Other             |       |       |     1 |    82 |    34 |       ||   117
       Shield            |       |       |       |       |   554 |   108 ||   662
       Large shield      |       |       |       |       |       |   720 ||   720

Table legend:
 A = Non-vault XP
 B = Vault XP
 C = Vault XP percentage of total XP
 D = Non-vault monster count
 E = Vault monster count
 F = Vault count percentage of total count
                 A         B        C        D         E       F
            +---------+---------+-------+---------+---------+-------
      Total |  137402 |  115895 |  45.8 |     662 |     276 |  29.4
            +---------+---------+-------+---------+---------+-------
        D:1 |      33 |       6 |  15.4 |      18 |       5 |  21.7
        D:2 |      81 |       3 |   3.6 |      24 |       2 |   7.7
        D:3 |     274 |     307 |  52.8 |      20 |       2 |   9.1
        D:4 |     476 |      81 |  14.5 |      25 |       2 |   7.4
        D:5 |     449 |     220 |  32.9 |      11 |       1 |   8.3
        D:6 |     981 |     513 |  34.3 |      31 |       7 |  18.4
        D:7 |    1043 |    1016 |  49.3 |      28 |       5 |  15.2
        D:8 |    1952 |       0 |   0.0 |      29 |       0 |   0.0
        D:9 |    2308 |     355 |  13.3 |      27 |       1 |   3.6
       D:10 |    2463 |       0 |   0.0 |      16 |       0 |   0.0
       D:11 |    7441 |    3323 |  30.9 |      40 |       7 |  14.9
       D:12 |    3785 |    9106 |  70.6 |      32 |      36 |  52.9
       D:13 |    6826 |       0 |   0.0 |      33 |       0 |   0.0
       D:14 |   11014 |    3861 |  26.0 |      43 |       5 |  10.4
       D:15 |   13328 |    3241 |  19.6 |      38 |       6 |  13.6
     Lair:1 |    3625 |       0 |   0.0 |      13 |       0 |   0.0
     Lair:2 |    3075 |    2542 |  45.3 |      17 |      12 |  41.4
     Lair:3 |    5693 |       0 |   0.0 |      15 |       0 |   0.0
     Lair:4 |    2245 |    2093 |  48.2 |       8 |       6 |  42.9
     Lair:5 |    3487 |    7545 |  68.4 |      13 |      21 |  61.8
     Lair:6 |    5778 |    9856 |  63.0 |      11 |      35 |  76.1
      Orc:1 |    4989 |    3944 |  44.2 |      48 |      16 |  25.0
      Orc:2 |    4249 |   14042 |  76.8 |      36 |      31 |  46.3
      Elf:1 |   10928 |   13680 |  55.6 |      19 |      29 |  60.4
      Elf:2 |   23215 |   26117 |  52.9 |      35 |      30 |  46.2
      Elf:3 |    2449 |   13895 |  85.0 |       3 |      10 |  76.9
    Abyss:3 |   13969 |     149 |   1.1 |      28 |       7 |  20.0
        Lab |    1246 |       0 |   0.0 |       1 |       0 |   0.0
            +---------+---------+-------+---------+---------+-------
